Map: Echo LE (Void)

Players

NathLescroc

  • Race: Terran Terran
  • League: Diamond
  • Spawn Location: 11:00

Musumeci - Winner!

  • Race: Zerg Zerg
  • League: Diamond
  • Spawn Location: 5:00

VOD

Have the link to the VOD?

Description

Time

  • Played on: Dec. 28, 2016, 10:07 a.m.
  • Length: 13:06
Show
View Real Time Build Order
Export as new Build Order

NathLescroc Terran 

Build Orders: Liberator Opening, Reaper Expand, Bio Tank 

Get SALT Encoding   

  12  0:01  SCV  
  13  0:13  SCV  
  14  0:17  Supply Depot  
  14  0:25  SCV  
  15  0:38  SCV  
  15  0:40  Barracks  
  16  0:44  Refinery  
  16  0:50  SCV  
  17  1:02  SCV  
  18  1:15  SCV  
  19  1:27  Orbital Command, Reaper  
  20  1:40  Command Center  
  20  1:46  Refinery  
  20  1:53  SCV  
  21  1:58  Supply Depot  
  21  1:59  Barracks Reactor  
  21  2:09  SCV  
  22  2:21  SCV  
  22  2:37  Marine x2  
  22  2:39  SCV  
  22  2:41  Factory  
  25  2:49  Bunker  
  25  2:51  SCV  
  25  2:55  Marine x2  
  28  3:00  Orbital Command  
  28  3:03  SCV  
  29  3:13  Marine x2  
  29  3:15  SCV  
  31  3:24  Supply Depot  
  31  3:25  SCV  
  31  3:26  Factory Tech Lab  
  32  3:27  SCV  
  32  3:31  Starport, Marine x2  
  35  3:37  SCV  
  35  3:40  SCV  
  37  3:45  Siege Tank  
  40  3:48  Marine  
  40  3:49  SCV, Marine  
  40  3:50  Liberator  
  40  3:52  SCV  
  44  3:58  Refinery  
  44  4:01  SCV  
  45  4:04  SCV  
  49  4:11  Barracks  
  49  4:12  Marine x2  
  49  4:16  SCV  
  52  4:18  SCV  
  53  4:28  SCV, Supply Depot  
  54  4:35  Supply Depot  
  54  4:39  Refinery  
  54  4:49  SCV x2, Marine x2, Siege Tank  
  54  4:51  Engineering Bay  
  54  4:52  Starport Reactor  
  61  5:01  SCV x2  
  61  5:02  Barracks Tech Lab  
  63  5:07  Marine x2  
  63  5:08  Supply Depot  
  63  5:14  SCV x2  
  67  5:19  Supply Depot  
  67  5:21  Siege Tank  
  70  5:30  SCV, Marine x2  
  70  5:32  Armory, Combat Shields  
  70  5:33  Marine  
  70  5:35  SCV  
  72  5:37  Medivac  
  72  5:40  Medivac  
  76  5:43  Terran Infantry Weapons Level 1  
  76  5:47  SCV x2  
  76  5:48  Marine x2  
  80  5:51  Marine  
  80  5:54  Supply Depot  
  80  5:56  Siege Tank  
  84  5:59  SCV  
  85  6:07  Supply Depot  
  85  6:09  Missile Turret  
  85  6:13  Missile Turret  
  85  6:15  Medivac x2  
  89  6:21  Barracks  
  89  6:26  Marine  
  87  6:35  Marine  
  87  6:36  Marine  
  87  6:42  Siege Tank  
  87  6:45  Medivac x2  
  94  6:49  Command Center  
  94  6:50  Marine  
  94  6:53  Marine  
  96  6:57  Stimpack  
  96  7:03  Marine  
  96  7:09  Marine  
  97  7:15  Medivac x2  
  97  7:16  Refinery  
  94  7:26  Marine x2  
  86  7:34  Marine  
  86  7:35  Siege Tank  
  88  7:41  Refinery  
  88  7:44  Marine  
  84  7:45  Medivac x2  
  86  7:54  Marine x2  
  86  8:01  Marine  
  85  8:06  Missile Turret  
  85  8:07  Barracks Reactor, Siege Tank  
  85  8:08  Supply Depot  
  85  8:10  Factory, Supply Depot  
  85  8:11  Marine  
  89  8:15  Medivac x2  
  89  8:19  Supply Depot  
  93  8:25  Marine  
  93  8:26  Marine  
  95  8:29  Marine  
  95  8:31  Supply Depot  
  96  8:36  Command Center  
  96  8:38  Terran Infantry Weapons Level 2  
  96  8:43  Orbital Command, Marine  
  96  8:44  SCV  
  96  8:45  Medivac x2  
  96  8:48  SCV  
  103  8:50  Marine x2  
  103  8:53  Factory Tech Lab  
  105  8:56  SCV  
  105  9:00  SCV  
  107  9:06  Bunker  
  107  9:07  Marine, Supply Depot  
  107  9:08  Liberator  
  107  9:09  SCV x2  
  110  9:11  Marine  
  110  9:12  SCV  
  110  9:13  Liberator, Marine  
  113  9:21  SCV x2  
  115  9:24  SCV  
  115  9:25  Missile Turret  
  122  9:33  SCV x2  
  122  9:36  SCV  
  122  9:37  Marine x4  
  122  9:38  Marine  
  130  9:45  SCV x2  
  122  9:54  Liberator  
  122  9:55  Marine x5  
  127  10:06  SCV x2  
  129  10:07  SCV  
  129  10:09  Planetary Fortress  
  129  10:10  Supply Depot  
  129  10:11  Supply Depot  
  129  10:13  Marine x5  
  128  10:18  SCV  
  128  10:20  Siege Tank  
  132  10:23  SCV, Barracks  
  132  10:26  Supply Depot  
  133  10:30  Marine  
  133  10:31  Marine x2  
  133  10:33  Barracks  
  136  10:38  Medivac, Siege Tank  
  141  10:51  Marine  
  141  10:52  Siege Tank  
  141  10:54  Medivac  
  147  10:58  Marine x2  
  147  10:59  Marine  
  147  11:02  Marine  
  147  11:04  Missile Turret  
  151  11:08  Medivac  
  151  11:10  Refinery, Siege Tank  
  156  11:18  Marine  
  139  11:21  Missile Turret  
  139  11:24  Medivac, Siege Tank  
  126  11:26  Marine  
  126  11:27  Marine x5  
  132  11:35  Refinery, Marine  
  105  11:42  Siege Tank  
  105  11:43  Missile Turret  
  105  11:44  Marine  
  105  11:46  Medivac  
  89  11:54  Medivac  
  89  11:56  Siege Tank  
  89  11:58  Marine x5  
  89  11:59  Marine  
  89  12:00  Missile Turret  
  100  12:02  Marine  
  101  12:14  Siege Tank  
  104  12:16  Marine x2  
  104  12:18  Marine  
  107  12:23  SCV x2  
  107  12:29  Siege Tank  
Show
View Real Time Build Order
Export as new Build Order

Musumeci Zerg - Winner!

Build Orders: Hatch First 

Get SALT Encoding   

  12  0:03  Drone  
  13  0:08  Drone  
  14  0:23  Extractor  
  14  0:24  Drone  
  15  0:42  Hatchery  
  15  0:47  Drone, Extractor  
  15  1:02  Spawning Pool  
  14  1:05  Extractor  
  14  1:06  Drone  
  14  1:12  Extractor  
  14  1:13  Drone  
  16  1:19  Overlord  
  16  1:37  Drone x2  
  16  1:39  Drone  
  19  1:49  Queen  
  19  1:50  Drone  
  19  1:54  Queen  
  22  1:58  Drone  
  25  2:03  Overlord  
  25  2:07  Drone  
  26  2:11  Drone  
  27  2:24  Queen  
  27  2:29  Queen  
  30  2:37  Extractor  
  30  2:41  Drone x5  
  35  2:50  Drone  
  36  2:53  Drone  
  36  3:19  Drone  
  36  3:22  Extractor  
  36  3:24  Extractor  
  36  3:25  Roach Warren  
  36  3:26  Drone  
  34  3:29  Drone x2  
  34  3:30  Overlord x3  
  36  3:38  Hatchery  
  36  3:48  Drone x3  
  36  3:50  Drone x4  
  36  3:53  Drone  
  44  3:56  Hatchery  
  43  4:05  Roach  
  43  4:06  Evolution Chamber  
  43  4:08  Evolution Chamber  
  43  4:10  Roach x2  
  47  4:25  Roach x2  
  51  4:38  Drone  
  52  4:40  Roach, Lair  
  52  4:41  Roach  
  56  4:46  Drone x3  
  56  4:48  Extractor  
  56  4:49  Extractor  
  56  4:50  Drone x2  
  56  4:51  Drone  
  60  4:54  Overlord x2  
  60  5:43  Drone x5  
  60  5:46  Drone x2  
  60  5:48  Drone x10  
  77  5:53  Roach  
  77  5:56  Zerg Missile Weapons Level 1  
  79  5:57  Zerg Ground Armor Level 1  
  79  5:59  Glial Reconstitution  
  79  6:02  Roach  
  81  6:23  Overlord x3  
  81  6:24  Overlord  
  81  6:32  Roach x3  
  71  6:44  Roach  
  71  6:45  Roach x10  
  93  6:56  Ravager  
  93  6:57  Ravager x2  
  92  7:10  Roach  
  92  7:11  Roach x5  
  92  7:12  Ravager x3  
  97  7:28  Roach  
  97  7:29  Roach x6  
  86  7:37  Roach  
  86  7:38  Roach  
  84  7:50  Extractor  
  83  7:51  Hatchery  
  83  7:52  Extractor  
  81  8:08  Zerg Missile Weapons Level 2  
  81  8:09  Zerg Ground Armor Level 2  
  81  8:13  Drone x3  
  81  8:15  Drone x4  
  88  8:34  Ravager  
  88  8:35  Ravager x2  
  93  8:41  Roach x4  
  93  8:42  Overlord  
  99  8:57  Roach x3  
  105  9:12  Roach x8  
  105  9:14  Overlord  
  121  9:17  Overlord  
  121  9:22  Extractor  
  120  9:25  Hatchery, Roach  
  120  9:26  Extractor  
  120  9:39  Spore Crawler x2  
  120  9:40  Spore Crawler x2  
  120  9:45  Drone x10  
  118  10:01  Drone  
  118  10:02  Drone x6  
  118  10:05  Queen  
  125  10:19  Drone  
  125  10:20  Drone x6  
  132  10:26  Drone  
  133  10:29  Ravager x2  
  133  10:30  Ravager x3  
  138  10:37  Overlord x4  
  138  10:38  Overlord  
  138  10:42  Infestation Pit  
  137  10:54  Ravager x7  
  137  10:55  Ravager x9  
  153  11:06  Roach x11  
  153  11:08  Overlord x4  
  152  11:29  Roach x12  
  174  12:19  Ravager x4  
  174  12:20  Ravager x3  
  181  12:33  Roach  
  181  12:34  Roach x8  
Tags
 
Add a new tag
Caveats
  • Supply blocks, unpowered buildings, or Contaminate may cause inaccurate times.
  • Supply counts are checked every 10 seconds.